 Dungeon Crawl Stone Soup version 0.23.1 (webtiles) character file.

Game seed: 9807618685194789085

221 Sjerrul the Shield-Bearer (level 5, 0/47 HPs)
             Began as a Minotaur Fighter on Mar 15, 2019.
             Killed from afar by an orc wizard (9 damage)
             ... with a magic dart
             ... on level 3 of the Dungeon.
             The game lasted 00:09:04 (2191 turns).

Sjerrul the Shield-Bearer (Minotaur Fighter)        Turns: 2191, Time: 00:09:05

Health: 0/47       AC:  7    Str: 22    XL:     5   Next: 65%
Magic:  4/4        EV:  7    Int:  5    God:
Gold:   114        SH: 10    Dex:  9    Spells: 4/4 levels left

rFire    . . .     SeeInvis .   a - +0 war axe
rCold    . . .     Gourm    .   c - +0 shield
rNeg     . . .     Faith    .   b - +0 scale mail
rPois    .         Spirit   .   (helmet restricted)
rElec    .         Reflect  .   (no cloak)
rCorr    .         Harm     .   (no gloves)
MR       .....                  (no boots)
Stlth    ..........             (no amulet)
HPRegen  0.15/turn              (no ring)
MPRegen  0.09/turn              (no ring)

@: no status effects
A: retaliatory headbutt, horns 2
a: no special abilities


You were on level 3 of the Dungeon.
You were not hungry.

You visited 1 branch of the dungeon, and saw 3 of its levels.

You collected 114 gold pieces.

Inventory:

Hand Weapons
 a - a +0 war axe (weapon)
 g - a +0 mace of protection
 n - a cursed +0 spear
Missiles
 Q - 95 stones (quivered)
Armour
 b - a +0 scale mail (worn)
 c - a +0 shield (worn)
 e - a +0 cloak
 l - a +0 pair of boots
Scrolls
 h - 2 scrolls of identify {unknown}
 i - a scroll of immolation {unknown}
 p - a scroll of teleportation {unknown}
 q - a scroll of blinking {unknown}
 r - 2 scrolls of remove curse {unknown}
Potions
 d - 2 potions of might
 j - 2 potions of mutation {unknown}
 k - a potion of berserk rage {unknown}
 m - 2 potions of agility {unknown}
 o - a potion of lignification {unknown}
 s - 2 potions of heal wounds {unknown}
Comestibles
 f - 3 rations
 t - 5 chunks of flesh


   Skills:
 + Level 4.9 Fighting
 + Level 4.1 Axes
 + Level 5.0 Armour
 + Level 5.0 Shields


You had 4 spell levels left.
You didn't know any spells.
Your spell library was empty.

Dungeon Overview and Level Annotations

Branches:
Dungeon (3/15)

Altars:
Dithmenos
Gozag
Nemelex Xobeh


Innate Abilities, Weirdness & Mutations

You reflexively headbutt those who attack you in melee.
You have a pair of horns on your head.


Message History

Something hits you but does no damage.
You barely miss something. Something completely misses you.
You hear some strange, mumbled words.
A puff of flame appears from out of thin air!
You block the puff of flame.
Your shield prevents you from hitting something.
You hear some strange, mumbled words.
Something tries to affect you, but you resist.
You slash something! Something hits you.
* * * LOW HITPOINT WARNING * * *
Something hits you but does no damage.
You take 3 damage, and have 11/47 hp.
You miss something. Something completely misses you.
Your shield and scale mail prevent you from hitting something.
Something hits you.
* * * LOW HITPOINT WARNING * * *
You take 2 damage, and have 9/47 hp.
A magic dart appears from out of thin air!
The magic dart hits you!
You die...

##..#.# ....#.#
....#.# ....#.# ###
....#.# ..# ....#.#
#o# #.###.. #)# .# #.#
#?#####.# #.#
#o{.@.#.# ..######
#####.#.#
..##...####### #.#.#
..##.........####.#.#
..'รท.........'.##.#.#
..###........#.#....#
#.##.........#.#..###
..##.........#.#..#
####)#######.#.#..#


You could see an orc.

Levels and vault maps discovered:
D:1:      lemuel_arrival_behind_the_door_small, layout_basic,
          serial_park_tiny_2, minmay_misc_feat_rows
D:2:      layout_basic, gammafunk_temple_overflow_claw, minmay_misc_feat_room
D:3:      cheibrodos_fertilizer, layout_basic, minmay_goblin_kobold_house,
          uniq_terence, uniq_sigmund

Notes
Turn   | Place    | Note
-------+----------+-------------------------------------------
     0 | D:1      | Sjerrul the Minotaur Fighter began the quest for the Orb.
     0 | D:1      | Reached XP level 1. HP: 19/19 MP: 0/0
    28 | D:1      | Identified a +0 club
    91 | D:1      | Identified a +0 dagger
   143 | D:1      | Identified a +0 club
   148 | D:1      | Identified a +0 club
   151 | D:1      | Reached XP level 2. HP: 27/27 MP: 1/1
   281 | D:1      | Identified a +0 dagger
   300 | D:1      | Identified a +0 dagger
   648 | D:2      | Reached skill level 4 in Shields
   728 | D:2      | Identified a +0 dagger
   733 | D:2      | Reached skill level 4 in Armour
   765 | D:2      | Reached skill level 4 in Fighting
   765 | D:2      | Reached skill level 3 in Axes
   765 | D:2      | Reached XP level 3. HP: 33/33 MP: 2/2
   787 | D:2      | Identified a cursed -2 club
   917 | D:2      | Identified a +0 dagger
  1087 | D:2      | Found an opulent altar of Gozag.
  1087 | D:2      | Found a sparkling altar of Nemelex Xobeh.
  1088 | D:2      | Found a shadowy altar of Dithmenos.
  1507 | D:3      | Reached XP level 4. HP: 38/41 MP: 3/3
  1531 | D:3      | Identified a +0 club
  1562 | D:3      | Identified a +0 dagger
  1621 | D:3      | Identified a +0 short sword
  1621 | D:3      | Identified a cursed -1 club
  1621 | D:3      | Identified a +0 dagger
  1641 | D:3      | Identified a +0 whip
  1682 | D:3      | Identified a +0 short sword of venom
  1742 | D:3      | Reached XP level 5. HP: 24/47 MP: 4/4
  2041 | D:3      | Reached skill level 4 in Axes
  2162 | D:3      | Identified a +0 hand axe
  2162 | D:3      | Identified a +0 chain mail
  2162 | D:3      | Identified a +0 hand axe
  2163 | D:3      | Identified a +0 dagger
  2163 | D:3      | Identified a +0 robe
  2165 | D:3      | Identified a +0 dagger
  2165 | D:3      | Identified a +0 robe
  2177 | D:3      | Reached skill level 5 in Armour
  2177 | D:3      | Reached skill level 5 in Shields
  2188 | D:3      | HP: 11/47 [something (3)]
  2191 | D:3      | Killed from afar by an orc wizard

Table legend:
 A = Turns spent in this place as a percentage of turns spent in the entire game.
 B = Non-inter-level travel turns spent in this place as a percentage of non-inter-level travel turns spent in the entire game.
 C = Inter-level travel turns spent in this place as a percentage of turns spent in this place.
 D = Turns resting spent in this place as a percentage of non-inter-level travel turns spent in this place.
 E = Turns spent auto-exploring this place as a percentage of non-inter-level travel turns spent in this place.
 F = Non-inter-level travel turns spent in this place divided by the number of levels of this place that you've seen.
                   A       B       C       D       E      F
               +-------+-------+-------+-------+-------+----------------------
         Total | 100.0 | 100.0 |   8.1 |   0.0 |  70.0 | 671.0
       Dungeon | 100.0 | 100.0 |   8.1 |   0.0 |  70.0 | 671.0
               +-------+-------+-------+-------+-------+----------------------

Table legend:
 A = Kills in this place as a percentage of kills in entire the game.
 B = Kills by you in this place as a percentage of kills by you in the entire game.
 C = Kills by friends in this place as a percentage of kills by friends in the entire game.
 D = Other kills in this place as a percentage of other kills in the entire game.
 E = Experience gained in this place as a percentage of experience gained in the entire game.
 F = Experience gained in this place divided by the number of levels of this place that you have seen.
                   A       B       C       D       E      F
               +-------+-------+-------+-------+-------+----------------------
         Total | 100.0 | 100.0 |   N/A |   N/A | 100.0 | 105.7
       Dungeon | 100.0 | 100.0 |   N/A |   N/A | 100.0 | 105.7
               +-------+-------+-------+-------+-------+----------------------

Skill      XL: |  1  2  3  4  5 |
---------------+----------------+-----
Shields        | 4 5 |  5.0
Armour         | 4 5 |  5.0
Fighting       | 4 |  4.9
Axes           | 3 4 |  4.1

Action                   |  1- 3 |  4- 6 || total
-------------------------+-------+-------++-------
Melee: War axe           |    86 |   106 ||   192
       Headbutt          |     6 |    13 ||    19
  Eat: Chunk             |     2 |     2 ||     4
Armor: Scale mail        |    43 |    31 ||    74
Dodge: Dodged            |    25 |    20 ||    45
Block: Shield            |    52 |    35 ||    87

Vanquished Creatures
  A jelly (D:3)
  A bullfrog skeleton (D:3)
  An orc wizard (D:3)
  5 adders
  8 oozes (D:3)
  A worm (D:3)
  2 leopard geckos (D:2)
  An orc (D:3)
  A giant cockroach (D:3)
  9 goblins
  4 hobgoblins
  5 jackals
  7 bats
  3 frilled lizards
  8 kobolds
  3 rats
  6 fungi (D:3)
66 creatures vanquished.

Vanquished Creatures (others)
  11 toadstools (D:3)
11 creatures vanquished.

Grand Total: 77 creatures vanquished
